 Dungeon Crawl Stone Soup version 0.29-a0-495-g17b79114eb (webtiles) character file.

Game seed: 8169275132079350467

10 MysticalOrb the Grasshopper (level 2, 0/24 HPs)
             Began as a Draconian Warper on May 27, 2022.
             Slain by a hobgoblin (3 damage)
             ... on level 1 of the Dungeon.
             The game lasted 00:08:25 (581 turns).

MysticalOrb the Grasshopper (Draconian Warper)       Turns: 581, Time: 00:08:25

Health: 0/24       AC:  4    Str: 13    XL:     2   Next: 10%
Magic:  5/5        EV: 12    Int: 13    God:
Gold:   29         SH:  0    Dex: 10    Spells: 5/5 levels left

rFire   . . .      SeeInvis .   a - +0 spear
rCold   . . .      Faith    .   (no shield)
rNeg    . . .      Spirit   .   (body armour unavailable)
rPois   .          Reflect  .   (helmet restricted)
rElec   .          Harm     .   (no cloak)
rCorr   .          Rampage  .   (no gloves)
Will    .....                   (no boots)
Stlth   +.........              (no amulet)
HPRegen 0.08/turn               (no ring)
MPRegen 0.09/turn               (no ring)

@: no status effects
A: AC +4, unfitting armour, cold-blooded
a: no special abilities


You were on level 1 of the Dungeon.
You visited 1 branch of the dungeon, and saw 1 of its levels.

You collected 29 gold pieces.

Inventory:

Hand Weapons
 a - a +0 spear (weapon)
Missiles
 c - 6 boomerangs of dispersal (quivered)
Scrolls
 b - a scroll of blinking
 d - a scroll of magic mapping {unknown}
Potions
 e - a potion of berserk rage {unknown}


   Skills:
 + Level 2.1 Fighting
 + Level 2.1 Polearms
 + Level 0.8 Throwing
 + Level 2.2 Dodging
 + Level 0.2 Stealth
 + Level 2.0 Spellcasting
 + Level 3.4 Translocations


You had 5 spell levels left.
You didn't know any spells.
Your spell library contained the following spells:

 Spells                   Type           Power      Damage    Failure   Level
 Blink                    Tloc           20%        N/A       10%         2
 Gell's Gravitas          Tloc           10%        N/A       19%         3
 Lesser Beckoning         Tloc           10%        N/A       19%         3
 Teleport Other           Tloc           10%        N/A       19%         3
 Manifold Assault         Tloc           10%        N/A       86%         5


Dungeon Overview and Level Annotations

Branches:
Dungeon (1/15)

Altars:

Shops:
D:1 (*[


Innate Abilities, Weirdness & Mutations

Your plain brown scales are hard. (AC +4)
You cannot fit into any form of body armour.
You are cold-blooded and may be slowed by cold attacks.


Message History

* * * LOW HITPOINT WARNING * * *
You see here a +0 club.
There is a faded altar of an unknown god here.
The kobold attacks as you move away! The kobold hits you but does no damage.
You hit the plant.
The plant begins to die.
The plant is lightly damaged.
The kobold hits you with a +0 club.
* * * LOW HITPOINT WARNING * * *
You hit the plant.
The plant is lightly damaged.
The kobold hits you with a +0 club.
* * * LOW HITPOINT WARNING * * *
You hit the plant.
You tail-slap the plant, but do no damage.
The plant is lightly damaged.
The kobold barely misses you.
A nearby plant withers and dies.
You hit the kobold.
The kobold is moderately wounded.
The kobold hits you but does no damage.
You hit the kobold.
You kill the kobold!
You start resting.
A hobgoblin is nearby!
The hobgoblin shouts!
You closely miss the hobgoblin. The hobgoblin barely misses you.
You hit the hobgoblin but do no damage.
Your tail-slap misses the hobgoblin.
The hobgoblin hits you.
* * * LOW HITPOINT WARNING * * *
You hit the hobgoblin but do no damage. The hobgoblin closely misses you.
You barely miss the hobgoblin. You tail-slap the hobgoblin.
The hobgoblin is heavily wounded.
The hobgoblin hits you but does no damage.
You hit the hobgoblin.
The hobgoblin is severely wounded.
The hobgoblin misses you.
You barely miss the hobgoblin.
The hobgoblin is severely wounded.
The hobgoblin hits you.
You die...

#.....P...#
#....)....#
#####_#####
#......P..#
#..PP.....#
#....P....#
#.......P.#
...#...gP..#.#
#'##.P..@..###
#. #...P...##
...##.).##.#
.## #...##.# .
#.#####.# ...
## #.##.#
.....###.##.#
#...)....#
#####'####


You could see a hobgoblin.

Vanquished Creatures
  An endoplasm (D:1)
  A giant cockroach (D:1)
  2 hobgoblins (D:1)
  3 kobolds (D:1)
  A bat (D:1)
  A rat (D:1)
9 creatures vanquished.

Vanquished Creatures (others)
  2 demonic plants (D:1)
  2 fungi (D:1)
  5 plants (D:1)
9 creatures vanquished.

Grand Total: 18 creatures vanquished

Notes
Turn   | Place    | Note
-------+----------+-------------------------------------------
     0 | D:1      | MysticalOrb the Draconian Warper began the quest for the
                  | Orb.
     0 | D:1      | Reached XP level 1. HP: 17/17 MP: 3/3
   161 | D:1      | Found Naoh's Armour Shop.
   177 | D:1      | Found Viale's Assorted Antiques.
   460 | D:1      | Found Selion's Antique Weapon Shoppe.
   488 | D:1      | Found a faded altar of an unknown god.
   513 | D:1      | Reached XP level 2. HP: 20/24 MP: 5/5
   581 | D:1      | Slain by a hobgoblin

Illustrated notes

Levels and vault maps discovered:
D:1:      dpeg_arrival_ternary, layout_loops_corners, serial_shops,
          nicolae_shop_stone, nicolae_shop_crystal, nicolae_lakefront_shop,
          nicolae_shop_hallway_plus, shop, shapermc_ecumenical_altar_gd

Action                   || total
-------------------------++-------
Melee: Spear             ||    57
       Tailslap          ||    10
Throw: Boomerang         ||     1
Armor: Skin              ||    26
Dodge: Dodged            ||    39

Table legend: (Time is in decaauts)
 A = Elapsed time spent in this place.
 B = Non-inter-level travel time spent in this place.
 C = Inter-level travel time spent in this place.
 D = Time resting spent in this place.
 E = Time spent auto-exploring this place.
 F = Levels seen in this place.
 G = Mean time per level.
                   A        B        C        D        E       F      G
               +--------+--------+--------+--------+--------+-----+--------+
         Total |    581 |    581 |      0 |     34 |    170 |   1 |  581.0 |
       Dungeon |    581 |    581 |      0 |     34 |    170 |   1 |  581.0 |
               +--------+--------+--------+--------+--------+-----+--------+

Top non-repeatable levels by time:
     D:1: 581 daAuts
